 Dungeon Crawl Stone Soup version 0.30.2 (webtiles) character file.

Game seed: 12841860647848667792

466 Ashen the Trooper (level 7, 0/106 HPs)
             Began as an Ogre Warper on Jan 20, 2024.
             Slain by an iguana (3 damage)
             ... on level 6 of the Dungeon.
             The game lasted 00:20:51 (5408 turns).

Ashen the Trooper (Ogre Warper)                     Turns: 5408, Time: 00:20:52

Health: 0/106      AC: 23    Str: 20    XL:     7   Next: 8%
Magic:  15/22      EV:  1    Int: 15    God:
Gold:   21         SH:  0    Dex:  9    Spells: 0/14 levels left

rFire   . . .        a - +0 mace
rCold   . . .        (no shield)
rNeg    . . .        b - melded +0 robe
rPois   +            (helmet currently unavailable)
rElec   .            (cloak currently unavailable)
rCorr   .            (gloves unavailable)
SInv    .            (boots unavailable)
Will    .....        (no amulet)
Stlth   +++          e - ring of magical power
HPRegen 0.37/turn    (no ring)
MPRegen 0.18/turn

%: no passive effects
@: tree-form, marked, mesmerised
A: stationary, stasis, torment immunity, boosted hp, large, unfitting armour,
(tough skin 1), thin skeletal structure 1, strong 1
a: no special abilities


You were on level 6 of the Dungeon.
You were a tree.
You visited 1 branch of the dungeon, and saw 6 of its levels.
You also visited: Ossuary.

You collected 281 gold pieces.
You spent 260 gold pieces at shops.

Inventory:

Hand Weapons
 a - a +0 mace (weapon)
Missiles
 d - 5 boomerangs of dispersal (quivered)
 t - a boomerang
Armour
 b - a +0 robe (melded)
Jewellery
 e - a ring of magical power (left branch)
Scrolls
 c - 2 scrolls of blinking
 h - a scroll of magic mapping
 k - a scroll of brand weapon {unknown}
 m - a scroll of vulnerability
 o - a scroll of noise {unknown}
 q - a scroll of teleportation {unknown}
 r - a scroll of silence {unknown}
 w - a scroll of poison {unknown}
 x - 2 scrolls of immolation {unknown}
Potions
 f - 3 potions of curing
 g - 2 potions of haste
 i - 7 potions of heal wounds
 j - a potion of ambrosia
 n - 2 potions of lignification
 p - 2 potions of attraction
 s - 4 potions of brilliance
 v - 4 potions of flight


   Skills:
 + Level 4.6 Fighting
 + Level 3.1 Maces & Flails
 - Level 1.0 Throwing
 + Level 3.3 Dodging
 + Level 2.0 Stealth
 + Level 4.0 Spellcasting
 + Level 3.7 Translocations


You couldn't memorise any spells.
You knew the following spells:

 Your Spells              Type           Power      Damage    Failure   Level
a - Blink                 Tloc           28%        N/A       6%          2
b - Lesser Beckoning      Tloc           28%        N/A       6%          2
c - Teleport Other        Tloc           14%        N/A       12%         3
d - Vhi's Electric Charg  Tloc/Air       16%        N/A       26%         3
e - Manifold Assault      Tloc           14%        N/A       36%         4

Your spell library contained the following spells:

 Spells                   Type           Power      Damage    Failure   Level
 Momentum Strike          Conj/Tloc      16%        3d8       13%         2
 Cigotuvi's Dreadful Rot  Necr/Pois/Air  6%         N/A       26%         2
 Poisonous Vapours        Pois/Air       6%         N/A       26%         2
 Ignite Poison            Fire/Tmut/Pois 3%         N/A       47%         3
 Mephitic Cloud           Conj/Pois/Air  3%         N/A       47%         3
 Freezing Cloud           Conj/Ice/Air   1%         6-21      99%         5


Dungeon Overview and Level Annotations

Branches:
Dungeon (7/15)            Ossuary (visited)
 Temple: D:4-7

Altars:
Qazlal

Shops:
D:6 *

Annotations:
D:6 Maggie


Innate Abilities, Weirdness & Mutations

You are a tree.
Your roots penetrate the ground, keeping you stationary.
You cannot be teleported.
You are immune to unholy pain and torment.
Your maximum health is greatly increased.
Your equipment is partially melded.
You are too large for most types of armour.
((You have tough skin. (AC +1)))
You have a somewhat thin skeletal structure. (Dex +2, Stealth+)
Your muscles are strong. (Str +4, Int/Dex -1)


Message History

The scorpion is heavily wounded.
The scorpion stings you but does no damage.
The iguana bites you but does no damage.
The scorpion stings you but does no damage.
Maggie practices a pose.
Maggie gestures wildly while chanting.
Maggie attempts to bespell you!
You are mesmerised by Maggie!
A sky beast appears from thin air!
Reactivating autopickup.
The iguana bites you!
* * * LOW HITPOINT WARNING * * *
It was a potion of mutation.
You feel extremely strange.
You feel stronger.
Your bones become slightly less dense.
The scorpion stings you but does no damage.
The iguana bites you.
* * * LOW HITPOINT WARNING * * *
An orc comes into view. It is wielding a +0 club.
Unknown command.
You closely miss the scorpion.
The scorpion is heavily wounded.
The scorpion stings you but does no damage.
The iguana bites you but does no damage.
The scorpion stings you but does no damage.
You hit the scorpion.
The scorpion is severely wounded.
The scorpion stings you but does no damage.
The iguana bites you but does no damage.
An orc comes into view. It is wielding a +0 dagger.
Maggie practices a pose.
You closely miss the scorpion.
The scorpion is severely wounded.
The scorpion stings you but does no damage.
The iguana bites you!
* * * LOW HITPOINT WARNING * * *
The scorpion stings you but does no damage.
You barely miss the scorpion.
The scorpion is severely wounded.
The iguana bites you.
You die...

...#.....###
...?....@..#
#l...oo.#
#...S@###
#..###gsS###
... #.gocf.# .
.......#ogY#
.......##ls#
#.......##♣.##
.....#..##)>.#
.#..##..##>..#
##. ######..#
. ####


You could see Maggie (mesmerising), 2 water moccasins, a sky beast, a sleepcap,
a centaur, 2 scorpions, an iguana, 2 gnolls and 4 orcs.

Vanquished Creatures
  2 elf zombies (Ossuary)
  A centaur zombie (Ossuary)
  An orc priest (D:7)
  2 human zombies (Ossuary)
  2 mummies (Ossuary)
  3 gnolls
  2 adders (D:3)
  3 white imps
  An adder zombie (Ossuary)
  A worm (D:3)
  A dart slug (D:3)
  9 orcs
  4 ball pythons
  2 bats
  5 endoplasms
  2 giant cockroaches
  11 goblins
  3 hobgoblins (D:1)
  4 jackals (D:4)
  2 quokkas
  8 frilled lizards
  12 hobgoblin zombies (Ossuary)
  A jackal zombie (Ossuary)
  8 kobolds
  9 kobold zombies (Ossuary)
  7 orc zombies (Ossuary)
  3 rats
  A rat zombie (Ossuary)
110 creatures vanquished.

Notes
Turn   | Place    | Note
-------+----------+-------------------------------------------
     0 | D:1      | Ashen the Ogre Warper began the quest for the Orb.
     0 | D:1      | Reached XP level 1. HP: 22/22 MP: 3/3
    98 | D:1      | Reached XP level 2. HP: 16/29 MP: 3/5
   527 | D:1      | Reached XP level 3. HP: 28/37 MP: 6/6
  1900 | D:3      | Learned a level 2 spell: Blink
  1903 | D:3      | Learned a level 2 spell: Lesser Beckoning
  1907 | D:3      | Learned a level 3 spell: Teleport Other
  1965 | D:3      | Reached XP level 4. HP: 42/45 MP: 8/8
  2320 | D:3      | Reached skill level 1 in Stealth
  2594 | D:3      | Found a faded altar of an unknown god.
  3017 | D:4      | Noticed a black bear
  3119 | D:4      | You fall into a shaft and drop 3 floors!
  3145 | D:7      | Found a sand-covered staircase.
  3154 | Ossuary  | Entered an ossuary
  3405 | Ossuary  | Reached XP level 5. HP: 41/54 MP: 8/10
  3913 | Ossuary  | Reached XP level 6. HP: 31/62 MP: 11/11
  4304 | D:7      | Noticed a black bear
  4352 | D:6      | Noticed Maggie
  4353 | D:6      | Noticed a water moccasin
  4635 | D:6      | Found Ifroj's General Store.
  4718 | D:6      | Bought a ring of magical power for 260 gold pieces
  4829 | D:6      | Noticed a water moccasin
  4944 | D:6      | Noticed a water moccasin
  4991 | D:7      | Reached XP level 7. HP: 52/71 MP: 13/13
  5188 | D:7      | Found a stormy altar of Qazlal.
  5292 | D:6      | Learned a level 3 spell: Vhi's Electric Charge
  5297 | D:6      | Learned a level 4 spell: Manifold Assault
  5404 | D:6      | Gained mutation: Your muscles are strong. (Str +4, Int/Dex
                  | -1) [potion of mutation]
  5404 | D:6      | Gained mutation: You have a somewhat thin skeletal
                  | structure. (Dex +2, Stealth+) [potion of mutation]
  5407 | D:6      | HP: 3/106 [iguana (10)]
  5408 | D:6      | Slain by an iguana

Illustrated notes

Levels and vault maps discovered:
D:1:      dpeg_arrival_tiny_g, layout_basic, minmay_misc_feat_encased,
          minmay_tall_x
D:2:      layout_basic, serial_rivers, chequers_serial_rivers_micro_c,
          chequers_serial_rivers_room_b, chequers_serial_rivers_micro_c,
          chequers_serial_rivers_small_b, chequers_serial_rivers_micro_d,
          chequers_avenue, minmay_lizard_pond
D:3:      kennysheep_six_static_rooms, layout_basic,
          shapermc_ecumenical_altar_notcrosses, minmay_unequal
D:4:      layout_gridville
D:6:      nicolae_cairo_tiling_large_dashed, layout_rooms, serial_shops, shop,
          serial_bayou_pond_e, uniq_maggie
D:7:      layout_basic, mainiacjoe_overflow_large_starburst,
          nicolae_ossuary_entry_ruins, serial_shops, shop_fountains,
          grunt_ministairs_6, uniq_menkaure, uniq_crazy_yiuf_cottage

Skill      XL: |  1  2  3  4  5  6 |
---------------+-------------------+-----
Fighting       | 3 4 |  4.6
Maces & Flails | 2 3 |  3.1
Translocations | 3 |  3.7
Spellcasting   | 3 4 |  4.0
Stealth        | 1 2 |  2.0
Dodging        | 3 |  3.3
Throwing       | |  1.0

Action                     |  1- 3 |  4- 6 |  7- 9 || total
---------------------------+-------+-------+-------++-------
  Melee: Mace              |   148 |   322 |    30 ||   500
         Punch             |       |     3 |       ||     3
  Throw: Boomerang         |       |     2 |       ||     2
   Cast: Teleport Other    |       |    12 |    14 ||    26
    Use: Scroll            |       |    11 |       ||    11
         Potion            |       |     1 |     2 ||     3
   Stab: Sleeping          |       |     4 |       ||     4
 Armour: Robe              |    40 |    99 |     5 ||   144
         Skin              |       |       |    28 ||    28
  Dodge: Dodged            |    90 |   174 |    13 ||   277
